 Dungeon Crawl Stone Soup version 0.25.1-2-g60ff931df9 (webtiles) character file.

Game seed: 17752507140174520594

34 Peloso the Skirmisher (level 3, 33/33 HPs)
             Began as a Minotaur Fighter on Aug 17, 2020.
             Got out of the dungeon alive.
             The game lasted 00:01:27 (611 turns).

Peloso the Skirmisher (Minotaur Fighter)             Turns: 611, Time: 00:01:27

Health: 33/33      AC:  7    Str: 26    XL:     3   Next: 14%
Magic:  2/2        EV:  8    Int:  5    God:
Gold:   67         SH: 10    Dex: 10    Spells: 2/2 levels left

rFire    . . .     SeeInvis .   a - +0 long sword
rCold    . . .     Gourm    .   c - +0 kite shield
rNeg     . . .     Faith    .   b - +0 scale mail
rPois    .         Spirit   .   (helmet unavailable)
rElec    .         Reflect  .   (no cloak)
rCorr    .         Harm     .   (no gloves)
MR       .....                  (no boots)
Stlth    ..........             (no amulet)
HPRegen  0.11/turn              l - +6 ring of strength
MPRegen  0.08/turn              (no ring)

@: no status effects
A: retaliatory headbutt, beak, horns 3, high mp 1, sturdy frame 1
a: no special abilities


You escaped.
You were not hungry.

You visited 1 branch of the dungeon, and saw 1 of its levels.

You collected 67 gold pieces.

Inventory:

Hand Weapons
 a - a +0 long sword (weapon)
Armour
 b - a +0 scale mail (worn)
 c - a +0 kite shield (worn)
Jewellery
 l - a +6 ring of strength (left hand)
Scrolls
 h - a scroll of magic mapping {unknown}
 i - 3 scrolls of identify {unknown}
Potions
 d - a potion of might
Comestibles
 f - 4 rations
 g - 2 chunks of flesh


   Skills:
 + Level 4.2 Fighting
 + Level 2.9 Long Blades
 + Level 4.0 Armour
 + Level 0.1 Dodging
 + Level 4.0 Shields


You had 2 spell levels left.
You didn't know any spells.
Your spell library was empty.

Dungeon Overview and Level Annotations

Branches:
Dungeon (1/15)

Altars:


Innate Abilities, Weirdness & Mutations

You reflexively headbutt those who attack you in melee.
You have a pair of large horns on your head.
You have a beak for a mouth.
You have an increased reservoir of magic. (+10% MP)
Your movements are slightly less encumbered by armour. (ER -2)


Message History

Done exploring.
Done exploring.
You feel stronger.
l - a +6 ring of strength (left hand) It was a potion of curing.
You feel better.
It was a potion of heal wounds.
You feel much better.
It was a potion of mutation.
You feel extremely strange.
You feel more energetic.
You feel less encumbered by your armour.
Your mouth lengthens and hardens into a beak!
The horns on your head grow some more.
(D) Dungeon
Where to? (? - help)
What level of the Dungeon? (default 1, ? - help)
You enter the shallow water.
Moving in this stuff is going to be slow.
There is an open door here.
There is a staircase leading out of the dungeon here.
Are you sure you want to leave the Dungeon?
This will make you lose the game!
You have escaped!

#≈.P≈≈PP♣≈≈♣♣≈
#≈PP≈≈PP♣≈≈.P≈
#≈♣P≈≈PPP≈≈..≈
#≈P♣≈≈PP.≈≈.P≈
#≈P♣≈≈.♣P≈≈P♣≈
#####≈♣♣≈≈≈≈≈≈≈♣♣≈
#...#≈♣♣≈.....≈♣.≈
#...#≈≈≈≈.###.≈≈≈≈
#@..'.....#§#.....
#...#≈≈≈≈.###.≈≈≈≈
#...#≈P.≈.....≈♣♣≈
#####≈♣P≈≈≈≈≈≈≈♣♣≈
#≈P.≈≈♣PP≈≈♣♣≈
#≈♣♣≈≈♣P♣≈≈PP≈
#≈P.≈≈.PP≈≈PP≈
#≈P.≈≈PP♣≈≈P.≈
#≈PP≈≈PP.≈≈..≈


There were no monsters in sight!

Vanquished Creatures
  An ooze (D:1)
  2 dart slugs (D:1)
  2 bats (D:1)
  A giant cockroach (D:1)
  3 goblins (D:1)
  A hobgoblin (D:1)
  3 jackals (D:1)
  3 frilled lizards (D:1)
  4 kobolds (D:1)
  4 rats (D:1)
24 creatures vanquished.

Notes
Turn   | Place    | Note
-------+----------+-------------------------------------------
     0 | D:1      | Peloso the Minotaur Fighter began the quest for the Orb.
     0 | D:1      | Reached XP level 1. HP: 19/19 MP: 0/0
    85 | D:1      | Reached XP level 2. HP: 27/27 MP: 1/1
   336 | D:1      | Reached XP level 3. HP: 33/33 MP: 2/2
   591 | D:1      | Gained mutation: You have an increased reservoir of magic.
                  | (+10% MP) [potion of mutation]
   591 | D:1      | Gained mutation: Your movements are slightly less
                  | encumbered by armour. (ER -2) [potion of mutation]
   591 | D:1      | Gained mutation: You have a beak for a mouth. [potion of
                  | mutation]
   591 | D:1      | Gained mutation: You have a pair of large horns on your
                  | head. [potion of mutation]
   611 | D:$      | Got out of the dungeon alive.

Illustrated notes

Levels and vault maps discovered:
D:1:      lightli_arrival_farm, layout_rooms, serial_park_tiny_2

Skill      XL: |  1  2 |
---------------+-------+-----
Fighting       | 4 |  4.2
Shields        | 4 |  4.0
Armour         | 4 |  4.0
Long Blades    | |  2.9
Dodging        | |  0.1

Action                   || total
-------------------------++-------
Melee: Long sword        ||    39
       Headbutt          ||    11
  Use: Potion            ||     3
Armor: Scale mail        ||    19
Dodge: Dodged            ||    18
Block: Kite shield       ||    16
       Rpst.: Long sword ||     2
